 Dungeon Crawl Stone Soup version 0.27.1-1-g398f81649c (webtiles) character file.

Game seed: 14433945787328885495

54 ZARRMARR the Conjurer (level 3, 0/23 HPs)
             Began as an Octopode Conjurer on Sept 11, 2021.
             Was an Initiate of Okawaru.
             Slain by a jackal (3 damage)
             ... on level 2 of the Dungeon.
             The game lasted 00:04:37 (1605 turns).

ZARRMARR the Conjurer (Octopode Conjurer)           Turns: 1605, Time: 00:04:38

Health: 0/23       AC:  1    Str:  6    XL:     3   Next: 91%
Magic:  2/6        EV: 13    Int: 21    God:    Okawaru [......]
Gold:   33         SH:  0    Dex: 10    Spells: 5/6 levels left

rFire    . . .     SeeInvis .   b - +2 dagger (pain)
rCold    . . .     Faith    .   (no shield)
rNeg     . . .     Spirit   .   a - +0 hat
rPois    .         Reflect  .   (no amulet)
rElec    .         Harm     .   (no ring)
rCorr    .         Rampage  .   (no ring)
Will     .....                  (no ring)
Stlth    +++.......             (no ring)
HPRegen  0.07/turn              (no ring)
MPRegen  0.10/turn              (no ring)
                                (no ring)
                                (no ring)

@: no status effects
A: almost no armour, amphibious, 8 rings, camouflage 1, gelatinous body 1,
(nimble swimmer 1), tentacles
a: Renounce Religion


You were on level 2 of the Dungeon.
You worshipped Okawaru.
Okawaru was noncommittal.
You visited 1 branch of the dungeon, and saw 2 of its levels.

You collected 33 gold pieces.

Inventory:

Hand Weapons
 b - a +2 dagger of pain (weapon)
Armour
 a - a +0 hat (worn)
Potions
 c - a potion of magic {unknown}


   Skills:
 + Level 1.1 Fighting
 + Level 2.4 Dodging
 + Level 3.4 Stealth
 + Level 2.4 Spellcasting
 - Level 4.0 Conjurations
 + Level 0.8 Necromancy
 + Level 1.2 Evocations


You had 5 spell levels left.
You knew the following spells:

 Your Spells              Type           Power      Damage    Failure   Level
a - Magic Dart            Conj           76%        1d6       2%          1

Your spell library contained the following spells:

 Spells                   Type           Power      Damage    Failure   Level
 Searing Ray              Conj           38%        3d4       4%          2
 Dazzling Flash           Conj/Hex       20%        N/A       19%         3
 Fulminant Prism          Conj/Hex       5%         3d7       52%         4
 Iskenderun's Mystic Bla  Conj/Tloc      10%        2d4       52%         4


Dungeon Overview and Level Annotations

Branches:
Dungeon (2/15)

Altars:
Okawaru

Shops:
D:2 [!


Innate Abilities, Weirdness & Mutations

You cannot wear most types of armour.
You are amphibious.
You can wear up to eight rings at the same time.
Your skin changes colour to match your surroundings (Stealth+).
Your rubbery body absorbs attacks. (AC +1, EV +1)
((You are camouflaged near water. (Stealth+)))
You have tentacles for arms and can constrict up to eight enemies at once.


Message History

You hit the jackal.
You kill the jackal!
Okawaru accepts your kill. The jackal barely misses you.
The jackal bites you. x3
The jackal completely misses you.
You are too injured to fight recklessly!
You are too injured to fight recklessly!
You are too injured to fight recklessly!
You are too injured to fight recklessly!
You are too injured to fight recklessly!
You are too injured to fight recklessly!
You are too injured to fight recklessly!
You are too injured to fight recklessly!
You are too injured to fight recklessly!
You are too injured to fight recklessly!
You are too injured to fight recklessly!
You are too injured to fight recklessly!
You are too injured to fight recklessly!
You are too injured to fight recklessly!
The jackal misses you.
You barely miss the jackal. Your grab misses the jackal.
The jackal bites you. x2
* * * LOW HITPOINT WARNING * * *
The jackal bites you.
* * * LOW HITPOINT WARNING * * *
You hit the jackal. Your grab misses the jackal.
Your squeeze misses the jackal.
The jackal is heavily wounded.
The jackal misses you. The jackal closely misses you.
You barely miss the jackal. Your grab misses the jackal.
The jackal is heavily wounded.
The jackal misses you. The jackal barely misses you. The jackal misses you.
The jackal barely misses you. The jackal bites you.
* * * LOW HITPOINT WARNING * * *
You hit the jackal.
The jackal writhes in agony.
Your grab misses the jackal.
The jackal is heavily wounded.
The jackal misses you. The jackal bites you.
You die...

#........# ##.....# ###†.##.##
##..†∩.## .....†..#..###......#
...[....#..........## ###
........#.......#.## #..
................#.# ####..
#..#).#.........#.# #####⌠.⌠..
..............hhh.# #....÷∩...
...#############@#######....⌠.⌠..
#............#.##.
#...#####....#.... #....#
#......### #.#..######...##
#.#.........### ####<.......## ##
...####..####. ##.. #...[...


You could see 3 jackals.

Vanquished Creatures
  An adder (D:2)
  4 dart slugs
  4 ball pythons
  5 endoplasms (D:1)
  A hobgoblin (D:2)
  A jackal (D:2)
  2 quokkas
  4 bats (D:1)
  A frilled lizard (D:1)
  5 goblins
  2 kobolds (D:2)
  6 rats
36 creatures vanquished.

Vanquished Creatures (others)
  6 toadstools (D:2)
6 creatures vanquished.

Grand Total: 42 creatures vanquished

Notes
Turn   | Place    | Note
-------+----------+-------------------------------------------
     0 | D:1      | ZARRMARR the Octopode Conjurer began the quest for the Orb.
     0 | D:1      | Reached XP level 1. HP: 11/11 MP: 3/3
   429 | D:1      | Reached XP level 2. HP: 12/18 MP: 0/5
   756 | D:1      | You fall into a shaft and drop 1 floor!
   756 | D:2      | Found Mudemyor's Distillery.
   930 | D:1      | Reached XP level 3. HP: 22/22 MP: 3/6
  1016 | D:1      | Reached skill level 1 in Evocations
  1144 | D:1      | Reached skill level 1 in Fighting
  1386 | D:2      | Found an iron altar of Okawaru.
  1399 | D:2      | Became a worshipper of Warmaster Okawaru
  1466 | D:2      | Found Goune's Armour Emporium.
  1605 | D:2      | Slain by a jackal

Illustrated notes

Levels and vault maps discovered:
D:1:      minmay_arrival_open_corners, layout_basic
D:2:      cheibrodos_fertilizer, layout_rooms, basic_altar, serial_shops,
          nicolae_shop_behind_doors, shop_fountains, shop,
          nicolae_shop_competitors_out_of_business,
          hellmonk_ecumenical_altar_defaced_shrine, uniq_crazy_yiuf_cottage

Skill      XL: |  1  2  3 |
---------------+----------+-----
Stealth        | 3 |  3.4
Evocations     | 1 |  1.2
Fighting       | 1 |  1.1
Dodging        | |  2.4
Spellcasting   | |  2.4
Conjurations   | |  4.0
Necromancy     | |  0.8

Action                   || total
-------------------------++-------
Melee: Unarmed           ||     9
       Constrict         ||     6
       Tentacles         ||     3
       Dagger            ||    22
 Cast: Magic Dart        ||    60
 Stab: Sleeping          ||     3
Armor: Skin              ||     2
Dodge: Dodged            ||    37
